 Dungeon Crawl Stone Soup version 0.31-a0-233-g139696dc86 (webtiles) character file.

Game seed: 4019798943550183727

3221 Iniera the Sneak (level 9, -4/52 HPs)
             Began as a Deep Elf Enchanter on July 10, 2023.
             Slain by a hornet (9 damage)
             ... on level 8 of the Dungeon.
             The game lasted 00:07:15 (7066 turns).

Iniera the Sneak (Deep Elf Enchanter)               Turns: 7066, Time: 00:07:15

Health: -4/52      AC:  6    Str:  5    XL:     9   Next: 66%
Magic:  22/22      EV: 20    Int: 25    God:
Gold:   369        SH:  0    Dex: 15    Spells: 18/23 levels left

rFire   . . .        n - +9 war axe of Mompekhla {spect, Contam *Slow Fly rC+++}
rCold   + + +        (no shield)
rNeg    . . .        b - +0 robe
rPois   .            (no helmet)
rElec   .            (no cloak)
rCorr   .            (no gloves)
SInv    .            (no boots)
Will    .....        (no amulet)
Stlth   ++++         q - +5 ring of evasion
HPRegen 0.28/turn    x - +4 ring of protection
MPRegen 0.18/turn

%: slow self (1%)
@: lethally poisoned (-4 -> -7), flying
A: no striking features
a: no special abilities


You were on level 8 of the Dungeon.
You visited 2 branches of the dungeon, and saw 9 of its levels.

You collected 369 gold pieces.

Inventory:

Hand Weapons
 e - a +3 dagger
 i - a +0 rapier
 n - the +9 war axe of Mompekhla (weapon) {spect, Contam *Slow Fly rC+++}
   (You found it on level 2 of the Dungeon)

   rC:        It renders you almost immune to cold.
   Fly:       It grants you flight.
   Contam:    It causes magical contamination when unequipped.
   *Slow:     It may slow you when you take damage.
Armour
 b - a +0 robe (worn)
Jewellery
 q - a +5 ring of evasion (left hand)
 x - a +4 ring of protection (right hand)
Wands
 u - a wand of paralysis (7)
 v - a wand of mindburst (18)
Scrolls
 g - 2 scrolls of vulnerability
 p - 2 scrolls of fog
 r - 2 scrolls of teleportation
 t - a scroll of immolation
 w - a scroll of identify
 y - a scroll of blinking
Potions
 a - 3 potions of resistance
 c - 4 potions of invisibility
 d - 2 potions of enlightenment
 f - 2 potions of lignification {unknown}
 h - 4 potions of attraction
 j - 2 potions of magic
 k - a potion of cancellation {unknown}
 l - a potion of brilliance {unknown}
 m - 4 potions of curing {unknown}
 o - 2 potions of haste {unknown}
 s - a potion of heal wounds {unknown}


   Skills:
 + Level 4.0 Fighting
 - Level 1.0 Short Blades
 * Level 7.6 Dodging
 + Level 7.8 Stealth
 + Level 7.5 Spellcasting
 * Level 5.9 Conjurations
 - Level 4.6 Hexes
 * Level 5.9 Fire Magic
 - Level 1.3 Ice Magic


You had 18 spell levels left.
You knew the following spells:

 Your Spells              Type           Power      Damage    Failure   Level
a - Ensorcelled Hibernat  Hex/Ice        48%        N/A       2%          2
b - Tukima's Dance        Hex            32%        N/A       2%          3

Your spell library contained the following spells:

 Spells                   Type           Power      Damage    Failure   Level
 Kiss of Death            Conj/Necr      96%        2d12      1%          1
 Slow                     Hex            100%       N/A       1%          1
 Confusing Touch          Hex            32%        N/A       2%          3
 Dazzling Flash           Conj/Hex       70%        N/A       2%          3
 Volatile Blastmotes      Fire/Tloc      48%        2d14      5%          3
 Apportation              Tloc           18%        N/A       6%          1
 Summon Small Mammal      Summ           36%        N/A       6%          1
 Fulminant Prism          Conj/Hex       17%        3d10      7%          4
 Summon Guardian Golem    Hex/Summ       20%        N/A       8%          3
 Call Canine Familiar     Summ           9%         N/A       19%         3
 Vampiric Draining        Necr           9%         2d6       19%         3
 Iskenderun's Mystic Bla  Conj/Tloc      24%        2d7       19%         4
 Dispel Undead            Necr           9%         3d8       54%         4
 Starburst                Conj/Fire      19%        6d7       65%         6
 Lee's Rapid Deconstruct  Erth           4%         3d5*      87%         5
 Orb of Destruction       Conj           19%        9d8       99%         7
 Spellforged Servitor     Conj/Summ      12%        N/A       100%        7


Dungeon Overview and Level Annotations

Branches:
Dungeon (8/15)             Temple (1/1) D:4
   Lair: D:8-11

Altars:
Ashenzari
Dithmenos
Fedhas
Gozag
Kikubaaqudgha
Makhleb
Nemelex Xobeh
Qazlal
Ru
Sif Muna
Trog
Uskayaw
Vehumet
Wu Jian
Xom
Yredelemnul

Annotations:
D:7 1 runed translucent door, Crazy Yiuf


Message History

You slash the sky beast!
The sky beast is heavily wounded.
Your +9 war axe of Mompekhla {spect, Contam *Slow Fly rC+++} hits the sky beast!
The hornet buzzes angrily.
The sky beast barely misses you.
You hit the sky beast.
You kill the sky beast!
Your +9 war axe of Mompekhla {spect, Contam *Slow Fly rC+++} disappears.
No target in view!
No target in view!
No target in view!
No target in view!
A hornet is nearby!
A hornet is nearby!
The hornet closely misses you.
You closely miss the hornet.
Your +9 war axe of Mompekhla {spect, Contam *Slow Fly rC+++} hits the hornet!
The hornet completely misses you. The hornet stings you.
You suddenly lose the ability to move!
The hornet stings you!
You are poisoned.
You shrug off the repeated paralysis!
Your +9 war axe of Mompekhla {spect, Contam *Slow Fly rC+++} disappears.
You feel very sick. The hornet stings you!
You feel yourself slow down.
You feel yourself speed up.
You feel sick. The hornet stings you!
* * * LOW HITPOINT WARNING * * *
You feel yourself slow down. The hornet stings you.
* * * LOW HITPOINT WARNING * * *
You shrug off the repeated paralysis!
You can move again.
Unknown command.
You barely miss the hornet.
The hornet is moderately wounded.
Your +9 war axe of Mompekhla {spect, Contam *Slow Fly rC+++} hits the hornet but does no damage.
You feel yourself speed up.
* * * LOW HITPOINT WARNING * * *
You feel very sick. The hornet stings you!
You die...

#..##.......# ..#
##.#........##
...##............#
.........#..##..#
........######.##
###.....## ###
..#.#......#
........<..##
#.....(@....#
......y###...#
##..... #..#
#...... .##
##...!. .# .......
## .#..... ......


You could see a hornet and a friendly +9 war axe of Mompekhla {spect, Contam
*Slow Fly rC+++}.

Vanquished Creatures
  Sigmund (D:4)
  5 water moccasins
  An orc warrior (D:7)
  An ice beast (D:6)
  3 sky beasts
  2 ogres (D:6)
  5 centaurs
  A phantom (D:7)
  Blork the orc (D:5)
  A necrophage (D:4)
  3 scorpions
  4 killer bees (D:7)
  A howler monkey (D:4)
  An electric eel (D:7)
  3 orc priests
  3 hounds
  3 jellies (D:6)
  3 sleepcaps (D:6)
  Jessica (D:2)
  5 iguanas
  8 orc wizards
  A hound skeleton (D:4)
  7 adders
  2 shadow imps
  A worm (D:2)
  3 dart slugs
  23 orcs
  4 ball pythons
  7 endoplasms
  A giant cockroach (D:1)
  7 goblins
  5 hobgoblins
  2 jackals (D:3)
  3 kobolds
  2 quokkas
  4 bats
  9 frilled lizards
  A rat (D:1)
138 creatures vanquished.

Vanquished Creatures (others)
  A spectral weapon (D:7)
1 creature vanquished.

Grand Total: 139 creatures vanquished

Notes
Turn   | Place    | Note
-------+----------+-------------------------------------------
     0 | D:1      | Iniera the Deep Elf Enchanter began the quest for the Orb.
     0 | D:1      | Reached XP level 1. HP: 10/10 MP: 6/6
   243 | D:1      | Reached XP level 2. HP: 15/15 MP: 8/8
   246 | D:1      | Learned a level 2 spell: Ensorcelled Hibernation
   998 | D:2      | Reached XP level 3. HP: 19/19 MP: 4/9
  1010 | D:1      | Reached skill level 1 in Ice Magic
  1264 | D:2      | Learned a level 3 spell: Tukima's Dance
  1523 | D:2      | Noticed Jessica
  1531 | D:2      | Killed Jessica
  1532 | D:2      | Reached XP level 4. HP: 17/24 MP: 9/12
  1679 | D:2      | Identified the +9 war axe of Mompekhla {spect, Contam *Slow
                  | Fly rC+++}
  1905 | D:3      | Reached XP level 5. HP: 18/28 MP: 13/13
  1906 | D:3      | Reached skill level 1 in Fighting
  2038 | D:3      | Identified the +7 short sword "Ruw Voig" {heavy, rPois
                  | rN+++ Str+3 Dex-5}
  2265 | D:3      | Found a blossoming altar of Fedhas.
  2536 | D:4      | Noticed Sigmund
  2546 | D:4      | Killed Sigmund
  2547 | D:4      | Reached skill level 5 in Stealth
  2547 | D:4      | Reached skill level 5 in Spellcasting
  2547 | D:4      | Reached XP level 6. HP: 15/35 MP: 9/15
  2739 | D:4      | Found a staircase to the Ecumenical Temple.
  2764 | Temple   | Entered the Ecumenical Temple
  2843 | D:4      | Found a burning altar of Makhleb.
  2896 | D:4      | Found an ornate altar of the Wu Jian Council.
  3180 | D:5      | Entered Level 5 of the Dungeon
  3182 | D:5      | Noticed Blork the orc
  3254 | D:5      | Reached XP level 7. HP: 39/40 MP: 17/17
  3257 | D:5      | Killed Blork the orc
  3258 | D:5      | Reached skill level 5 in Dodging
  3258 | D:5      | Reached skill level 1 in Conjurations
  3258 | D:5      | Reached skill level 1 in Fire Magic
  3440 | D:5      | Found a sacrificial altar of Ru.
  4229 | D:6      | Reached XP level 8. HP: 45/45 MP: 19/19
  4928 | D:6      | Found an ancient bone altar of Kikubaaqudgha.
  4994 | D:6      | Found a shimmering blue altar of Sif Muna.
  5143 | D:6      | Found a hide-covered altar of Uskayaw.
  5387 | D:6      | Found a radiant altar of Vehumet.
  5395 | D:6      | Got Sif Muna's Guidebook on the Jaunt
  5660 | D:7      | Reached XP level 9. HP: 48/51 MP: 21/21
  5802 | D:7      | Reached skill level 5 in Conjurations
  5846 | D:7      | Reached skill level 5 in Fire Magic
  6483 | D:7      | Found a runed translucent door.
  6484 | D:7      | Noticed Crazy Yiuf
  7063 | D:8      | Paralysed by a hornet for 3 turns
  7066 | D:8      | Slain by a hornet

Illustrated notes

Levels and vault maps discovered:
D:1:      ncdulo_smallfort, layout_basic
D:2:      layout_rooms, minmay_lizard_pond, uniq_jessica
D:3:      layout_loops_cross, fedhas_altar_3
D:4:      layout_cave_pools, nzn_wu_jian_council_hall,
          makhleb_blood_cavern_becter, minmay_temple_entry_tees, uniq_sigmund
D:5:      layout_cave_pods, mainiacjoe_overflow_boulevard, uniq_blork_the_orc
D:6:      layout_cave_pods, grunt_temple_overflow_magic_moments,
          eat_drink_and_be_merry_uskayaw
D:7:      layout_loops_corners, nicolae_water_bricks, uniq_crazy_yiuf_cottage
D:8:      layout_cave_pools, gammafunk_temple_overflow_elements,
          lair_entry_dummy, ebering_ghost_inner_flame, enter_bailey_8
Temple:   hellmonk_temple_two_chambers

Skill      XL: |  1  2  3  4  5  6  7  8  9 |
---------------+----------------------------+-----
Stealth        | 4 5 6 7 |  7.8
Dodging        | 3 4 5 6 7 |  7.6
Ice Magic      | 1 |  1.3
Spellcasting   | 4 5 6 7 |  7.5
Fighting       | 1 2 3 4 |  4.0
Conjurations   | 2 4 5 |  5.9
Fire Magic     | 2 4 5 |  5.9
Short Blades   | |  1.0
Hexes          | |  4.6

Action                     |  1- 3 |  4- 6 |  7- 9 || total
---------------------------+-------+-------+-------++-------
  Melee: Dagger            |    85 |     2 |       ||    87
         Punch             |     2 |       |     2 ||     4
         War axe           |       |    35 |   148 ||   183
   Cast: Ensorcelled Hiber |    26 |     4 |     1 ||    31
    Use: Scroll            |     1 |     5 |     6 ||    12
   Stab: Sleeping          |    21 |     5 |     7 ||    33
         Distracted        |       |     1 |       ||     1
 Armour: Robe              |    16 |     3 |    18 ||    37
  Dodge: Dodged            |    84 |    36 |   139 ||   259

Table legend: (Time is in decaauts)
 A = Elapsed time spent in this place.
 B = Non-inter-level travel time spent in this place.
 C = Inter-level travel time spent in this place.
 D = Time resting spent in this place.
 E = Time spent auto-exploring this place.
 F = Levels seen in this place.
 G = Mean time per level.
                   A        B        C        D        E       F      G
               +--------+--------+--------+--------+--------+-----+--------+
         Total |   7156 |   6901 |    255 |    674 |   5226 |   9 |  795.1 |
       Dungeon |   7136 |   6886 |    250 |    674 |   5213 |   8 |  892.0 |
        Temple |     19 |     14 |      5 |      0 |     13 |   1 |   19.0 |
               +--------+--------+--------+--------+--------+-----+--------+

Top non-repeatable levels by time:
     D:6: 1458 daAuts
     D:7: 1447 daAuts
     D:1: 979 daAuts
     D:5: 885 daAuts
     D:2: 822 daAuts
     D:4: 747 daAuts
     D:3: 684 daAuts
     D:8: 112 daAuts
  Temple: 19 daAuts
